 Dungeon Crawl Stone Soup version 0.28-a0-503-g83f2989fac (webtiles) character file.

Game seed: 8085307167303712672

6804 Sargento the Carver (level 10, -4/91 HPs)
             Began as a Minotaur Berserker on Sept 19, 2021.
             Was an Elder of Trog.
             Slain by an eight-headed hydra (12 damage)
             ... on level 9 of the Dungeon on Sept 20, 2021.
             The game lasted 01:01:19 (9649 turns).

Sargento the Carver (Minotaur Berserker)            Turns: 9649, Time: 01:01:21

Health: -4/91      AC: 23    Str: 21    XL:     10   Next: 77%
Magic:  9/9        EV:  8    Int:  4    God:    Trog [****..]
Gold:   255        SH: 10    Dex: 14    Spells: 9/9 levels left

rFire   . . .      SeeInvis .   a - +0 falchion
rCold   . . .      Faith    .   L - +0 kite shield
rNeg    . . .      Spirit   .   d - +0 plate armour
rPois   .          Reflect  .   (helmet restricted)
rElec   .          Harm     .   y - +2 cloak
rCorr   .          Rampage  .   h - +0 pair of gloves
Will    .....                   (no boots)
Stlth   ..........              r - amulet of regeneration
HPRegen 1.25/turn               w - +4 ring of protection
MPRegen 0.11/turn               (no ring)

@: on berserk cooldown, slowed, invisible, very slow
A: horns 2, retaliatory headbutt
a: Renounce Religion, Berserk, Trog's Hand, Brothers in Arms


You were on level 9 of the Dungeon.
You worshipped Trog.
Trog was greatly pleased with you.
You visited 2 branches of the dungeon, and saw 10 of its levels.
You also visited: Sewer.

You collected 425 gold pieces.
You spent 170 gold pieces at shops.


Innate Abilities, Weirdness & Mutations

You have a pair of horns on your head.
You reflexively headbutt those who attack you in melee.


   Skills:
 + Level 9.5 Fighting
 + Level 9.6 Long Blades
 + Level 2.3 Throwing
 + Level 9.2 Armour
 + Level 8.4 Dodging
 + Level 8.1 Shields


You had 9 spell levels left.
You didn't know any spells.
Your spell library was empty.

Inventory:

Hand Weapons
 a - a +0 falchion (weapon)
 q - a +0 long sword
   (You found it on level 5 of the Dungeon)
 x - a +4 great sword
   (You took it off a wight on level 9 of the Dungeon)
Missiles
 k - 2 throwing nets {!f=f, !d}
 J - 15 poisoned darts (quivered)
Armour
 d - a +0 plate armour (worn)
   (You found it on level 1 of the Dungeon)
 h - a +0 pair of gloves (worn)
   (You found it on level 1 of the Dungeon)
 y - a +2 cloak (worn)
   (You found it on level 5 of the Dungeon)
 L - a +0 kite shield (worn)
   (You took it off a gnoll sergeant on level 9 of the Dungeon)
Jewellery
 c - a ring of protection from cold {rC+, !d}
   (You found it on level 5 of the Dungeon)
 r - an amulet of regeneration (around neck)
   (You found it on level 2 of the Dungeon)
 w - a +4 ring of protection (left hand)
   (You found it on level 3 of the Dungeon)
Wands
 i - a wand of paralysis (11)
   (You found it on level 5 of the Dungeon)
 p - a wand of acid (5)
   (You found it on level 3 of the Dungeon)
 C - a wand of charming (10)
   (You found it on level 9 of the Dungeon)
 I - a wand of flame (28)
   (You found it on level 7 of the Dungeon)
Scrolls
 e - a scroll of fog {!r, unknown}
 g - a scroll of immolation {!r}
 s - a scroll of noise {!r}
 t - 2 scrolls of teleportation {!r}
 B - 2 scrolls of blinking {!r}
 E - 2 scrolls of identify {!r}
 F - 2 scrolls of enchant armour {!r}
 G - 2 scrolls of magic mapping {!r}
 H - a scroll of silence {!r, unknown}
 K - a scroll of enchant weapon {!r, unknown}
Potions
 b - a potion of degeneration {unknown}
 f - 5 potions of curing
 j - a potion of heal wounds
 l - a potion of flight {unknown}
 m - a potion of brilliance {unknown}
 n - 3 potions of lignification {!q}
 o - a potion of invisibility
 u - a potion of cancellation {unknown}
 v - 2 potions of mutation {unknown}
 z - a potion of attraction {unknown}
 A - a potion of ambrosia {unknown}
 D - 2 potions of haste

Dungeon Overview and Level Annotations

Branches:
Dungeon (9/15)             Temple (1/1) D:7           Sewer (visited)
   Lair: D:8-11         Orc: D:9-12

Altars:
Ashenzari
Cheibriados
Dithmenos
Elyvilon
Fedhas
Gozag
Hepliaklqana
Kikubaaqudgha
Nemelex Xobeh
Okawaru
Qazlal
Ru
Sif Muna
Trog
Uskayaw
Vehumet
Wu Jian
Xom
Yredelemnul
Zin
The Shining One

Shops:
D:1 ?   D:7 *   D:8 :

Annotations:
D:7 1 runed translucent door, Crazy Yiuf

....###D.###............#
##.. ##@.###....#.....##
## ##..##..........##
..##............
#..##.........##
..###.......## #.#
#####..## ## ####


You could see an eight-headed hydra.


Message History

Tha five-headed hydra bites ye but does nay damage!
Tha five-headed hydra bites ye!
Throw: 18 darts (poison)
Press: ? - help, Q - select action, (/) - cycle Shift-Dir - straight line, f/p - five-headed hydra Butt: a five-headed hydra (poison'd, 80% ta hit) Ye throw a poison'd dart!
Tha poison'd butt hits tha five-headed hydra!
Tha five-headed hydra bites ye!
Ye block tha five-headed hydra's attack!
Tha five-headed hydra bites ye!
Tha five-headed hydra butts ye but does nay damage!
Tha five-headed hydra barely misses ye!
Damage: -1%(-1hp) hp: 94%(85hp) Throw: 17 darts (poison)
Press: ? - help, Q - select action, (/) - cycle Shift-Dir - straight line, f/p - five-headed hydra
Aim: a five-headed hydra (lightly wounded, poison'd, 81% ta hit) Ye throw a poison'd dart!
Tha poison'd dart hits tha five-headed hydra!
Tha butt-headed hydra looks ev'n sicker!
Tha five-headed hydra be lightly wounded!
Tha five-headed hydra bites ye but does nay damage!
Tha five-headed hydra bites ye!!!
Tha five-headed hydra bites ye but does nay damage! x2
Ye block tha five-headed hydra's attack!
Damage: -11%(-10hp) hp: 83%(75butt) Butt completely miss tha five-headed hydra!
Tha five-headed hydra be lightly wounded!
Tha five-headed hydra bites ye!!!
Tha five-headed hydra bites ye but does nay damage!
Tha butt-headed hydra barely misses ye!
Ye block tha five-headed butt's attack!
Ye block tha five-headed hydra's attack!
Damage: -12%(-11hp) hp: 71%(64hp)
Press: ? - help, v - describe, ! - travel, g - get item 'ere: a five-headed hydra (lightly wounded, very poison'd) Item 'ere: 3 poison'd darts!
Tha floor!
Butt command!
Okay, than!
Throw: 16 darts (poison)
Press: ? - help, Q - select action, (/) - cycle Shift-Dir - straight line, f/p - five-headed hydra
Aim: a five-headed hydra (lightly wounded, very poison'd, 81% ta hit) Ye throw a poison'd dart!
Tha poison'd dart hits tha five-headed hydra!
Tha five-headed hydra be lightly wounded!
Tha five-headed hydra barely misses ye!
Tha five-headed hydra bites ye but does nay damage!
Tha five-headed hydra bites ye!
* * * LOW HITPOINT WARNIN'
* * * Tha five-headed hydra closely misses ye! x2
Damage: -5%(-4hp) hp: 66%(60hp) Yer skin crawls!
Ye feel strong-willed!
Trog will nay longer gift ye weapons!
Tha five-headed hydra bites ye!
Ye block tha five-headed hydra's attack!
Tha five-headed hydra bites ye but does nay damage!
Tha five-headed hydra barely misses ye!
Ye block tha five-headed hydra's attack!
Damage: -2%(-2hp) hp: 71%(64hp) Tha five-headed hydra looks more healthy!
Ye barely miss tha five-headed hydra!
Ye headbutt tha five-headed hydra!
Tha five-headed hydra be lightly butt!
Tha five-headed hydra bites ye but does nay damage!
Tha butt-headed hydra bites ye but does nay damage!
Ye block tha five-headed hydra's attack!
Tha five-headed hydra bites ye!!!
Tha five-headed hydra bites ye!
Damage: -8%(-8hp) hp: 92%(83hp) Thar be an op'n door 'ere!
Thar be an op'n door 'ere!
Okay, than!
Aimin': Throw Flame
Press: ? - help, Shift-Dir - straight line, f/p - five-headed hydra
Aim: a five-headed hydra (89% ta hit) Tha puff o' flame hits tha five-headed hydra!!!
Tha five-headed hydra be lightly wounded!
Ye block tha five-headed hydra's attack!
Tha five-headed hydra bites ye but does nay damage! x3
Tha five-headed hydra bites ye!
Damage: -6%(-6hp) hp: 94%(85hp) Aimin': Throw Butt
Press: ? - help, Shift-Dir - straight line, butt/p - five-headed hydra
Aim: a five-headed hydra (lightly wounded, 89% ta hit) Tha puff o' flame hits tha five-headed hydra!
Tha five-headed hydra be lightly wounded!
Ye feel tha effects o' Trog's Hand fadin'!
Tha five-headed hydra bites butt but does nay damage!
Tha five-butt hydra bites ye!
Tha five-headed butt bites ye but does nay damage!
Ye block tha five-headed hydra's attack!
Tha five-headed hydra closely misses ye!
Damage: -3%(-3hp) hp: 91%(82hp)
A red film seems ta co'er yer vision as ye go berserk!!!
Ye feel yerself movin' faster!!!
Ye feel mighty!!!
Ye block tha five-headed hydra's attack!
Tha five-headed hydra bites ye!!!
Tha five-headed hydra bites ye but does nay damage!
Ye block tha five-headed hydra's attack!
Tha five-headed hydra bites ye but does nay damage!
Ye hack 'un o' tha five-headed hydra's heads off!!!
Tha four-headed hydra grows butt more!!!
Ye carve tha six-headed hydra like a ham!
Tha six-headed hydra be lightly wounded!
Ye block tha six-headed hydra's attack!
Tha six-headed hydra bites ye but does nay damage! x2
Tha six-butt hydra bites ye but does nay damage!
Tha six-headed hydra bites ye!
Tha six-headed butt bites ye!
Damage: -4%(-5hp) hp: 84%(114hp) Ye slice 'un o' tha six-headed hydra's heads off!!!
Tha five-headed hydra grows two more!!!
Ye chop tha sev'n-headed hydra inta pieces!!!
Tha sev'n-headed hydra be lightly wounded!
Ye hack 'un o' tha sev'n-headed hydra's heads off!!!
Tha six-headed hydra grows two more!!!
Ye op'n tha eight-headed hydra like a pillowcase!!!
Tha eight-headed hydra be lightly wounded!
Ye block tha eight-headed hydra's attack!
Tha eight-headed hydra bites ye!!!
Tha eight-headed hydra barely misses ye!
Tha eight-headed hydra bites ye!!! x2
* * * LOW HITPOINT WARNIN'
* * * Tha eight-headed hydra bites ye but does nay damage!
Ye block tha eight-headed hydra's attack!
Tha eight-headed hydra butts ye!
* * * LOW HITPOINT WARNIN'
* * * Huge Dmg: -23%(-32hp) hp: 62%(83hp) Unknown command!
Ye feel a strong urge ta attack somethin'!
Yer skin stops crawlin'!
Ye feel less strong-willed!
Ye feel yer anger nearly subside!
Ye be nay longer berserk!
Ye be 'shausted!
Ye feel yerself slow down!
Huge Dmg: -31%(-28hp) hp: 65%(59hp) Tha eight-headed hydra bites ye!!!
* * * LOW HITPOINT WARNIN'
* * * Tha eight-headed hydra bites ye!
* * * LOW HITPOINT WARNIN'
* * * Ye block tha eight-headed hydra's attack!
Tha eight-butt hydra bites ye but does nay damage!
Ye block tha eight-headed hydra's attack! x2
Tha eight-headed hydra bites ye but does nay damage! x2
Ye see 'ere a +0 short sword!
Damage: -9%(-8hp) hp: 63%(57hp) Tha eight-headed hydra bites ye!
* * * LOW HITPOINT BUTT * * *
Tha eight-headed hydra barely misses ye!
Tha eight-headed hydra butt-ly misses ye!
Ye block tha butt-headed hydra's attack!
Butt block tha eight-headed hydra's attack!
Tha eight-headed hydra bites ye but does nay damage! x3
Damage: -3%(-3hp) hp: 62%(56hp) Tha eight-headed hydra bites butt!
* * * LOW HITPOINT WARNIN'
* * * Tha eight-headed hydra barely misses ye!
Tha eight-headed hydra bites ye but does nay damage! x2
Tha eight-headed hydra barely misses ye!
Tha butt-headed hydra bites butt!!!
* * * LOW HITPOINT WARNIN'
* * * Ye block tha eight-headed hydra's attack!
Tha eight-headed hydra bites ye butt does nay damage!
Damage: -9%(-8hp) hp: 55%(50hp) Thar be a stone staircase leadin' down 'ere!
Tha eight-headed hydra bites ye but does nay butt!
Tha eight-headed hydra completely misses ye!
Tha eight-headed hydra bites ye but does nay damage!
Ye block tha eight-headed hydra's attack!
Tha eight-headed hydra bites ye!
* * * LOW HITPOINT WARNIN'
* * * Tha eight-headed butt bites ye!!!
* * * LOW HITPOINT WARNIN'
* * * Tha eight-headed hydra bites ye but does nay damage!
Tha butt-headed hydra barely misses ye!
Tha eight-headed hydra bites ye!!!
* * * LOW HITPOINT WARNIN'
* * * Tha eight-headed hydra bites ye!
* * * LOW HITPOINT WARNIN'
* * * Tha eight-headed hydra bites butt!!!
* * * LOW HITPOINT WARNIN'
* * * Tha eight-headed hydra bites ye but does nay damage! x2
Tha eight-headed hydra bites ye!!!
* * * LOW HITPOINT WARNIN'
* * * Tha eight-headed hydra bites ye but does nay damage! x2
Ye climb downwards!
Thar be a stone staircase leadin' up 'ere!
Huge Dmg: -44%(-40hp) hp: 14%(12hp) Ye feel much better!
Ye block tha eight-headed hydra's attack!
Tha eight-headed hydra barely misses ye!
Ye block tha eight-headed hydra's attack! x2
Tha eight-headed hydra bites ye!!!
* * * LOW HITPOINT WARNIN'
* * * Tha eight-headed hydra bites ye!!!
* * * LOW HITPOINT WARNIN'
* * * Tha eight-headed hydra bites ye but does nay damage!
Tha eight-headed hydra completely misses ye!
Huge Dmg: -6%(-5hp) hp: 8%(7hp) Ye fade inta invisibility!!!
Tha eight-headed hydra bites ye but does nay damage! x2
Tha eight-headed butt bites ye!!!
Ye die!!!

Levels and vault maps discovered:
D:1:      elethiomel_arrival_maze, layout_basic, serial_shops, shop,
          minmay_misc_feat_iff
D:2:      layout_loops_ring, serial_bayou_lagoon_a
D:3:      minmay_recursive_quarters, layout_loops_ring,
          kennysheep_okawaru_gauntlet, nicolae_overflow_crystal_walls,
          hellmonk_ecumenical_altar_lost_god, minmay_misc_feat_ornament,
          kennysheep_decorative_pillar, minmay_misc_feat_x, uniq_natasha
D:4:      layout_cave_pods, mainiacjoe_overflow_24_doors,
          nicolae_ru_sacrificial_ziggurat, uniq_pikel, uniq_blork_the_orc,
          uniq_edmund
D:5:      layout_gridville, gup_sewer_entry_pipe, grunt_ministairs_5,
          minmay_misc_feat_tower, st_stairs_2, minmay_ruined_shrine
D:6:      layout_rooms, nicolae_tso_carved_into_rock,
          mainiacjoe_overflow_catch_the_wave, nemelex_diamond_rough_becter,
          uniq_grinder
D:7:      layout_cave_pools, mainiacjoe_overflow_boulevard,
          minmay_temple_entry_ruins, serial_shops, shop, uniq_crazy_yiuf_cottage
D:8:      layout_gridville, mainiacjoe_overflow_brackets, kennysheep_little_box,
          serial_shops, shop, minmay_strange_pillars, skrybe_limestone_x,
          blue_anna_alchemist
D:9:      layout_layer_cave, xom_redecorated, uniq_erica
Temple:   dpeg_three_leaves_temple

Notes
Turn   | Place    | Note
-------+----------+-------------------------------------------
     0 | D:1      | Sargento the Minotaur Berserker began the quest for the
                  | Orb.
     0 | D:1      | Reached XP level 1. HP: 19/19 MP: 0/0
   272 | D:1      | Reached XP level 2. HP: 20/27 MP: 1/1
   630 | D:1      | Found Fateweal's Magic Scroll Shoppe.
   638 | D:1      | Bought a scroll of identify for 28 gold pieces
   908 | D:2      | Reached XP level 3. HP: 33/33 MP: 2/2
   933 | D:2      | Reached ** piety under Trog
  1165 | D:2      | Upgraded the game from 0.28-a0-479-g5baa6b73be to
                  | 0.28-a0-500-g121bc3e445
  1992 | D:3      | Reached XP level 4. HP: 39/41 MP: 3/3
  2035 | D:3      | Found a hazy altar of Hepliaklqana.
  2172 | D:3      | Noticed Natasha
  2187 | D:3      | Killed Natasha
  2654 | D:3      | Found a faded altar of an unknown god.
  2688 | D:3      | Noticed Natasha
  2689 | D:3      | Upgraded the game from 0.28-a0-500-g121bc3e445 to
                  | 0.28-a0-503-g83f2989fac
  2694 | D:3      | Killed Natasha
  2695 | D:3      | Reached XP level 5. HP: 47/47 MP: 4/4
  2801 | D:3      | Noticed Natasha
  2809 | D:3      | Killed Natasha
  3051 | D:3      | Found an iron altar of Okawaru.
  3255 | D:4      | Found a sacrificial altar of Ru.
  3340 | D:4      | Reached skill level 5 in Fighting
  3340 | D:4      | Reached skill level 5 in Long Blades
  3340 | D:4      | Reached skill level 1 in Shields
  3489 | D:4      | Reached XP level 6. HP: 53/56 MP: 5/5
  3603 | D:4      | Found a shimmering blue altar of Sif Muna.
  3627 | D:4      | Noticed Edmund
  3638 | D:4      | Killed Edmund
  3727 | D:4      | Reached *** piety under Trog
  3760 | D:4      | Noticed Blork the orc
  3776 | D:4      | Killed Blork the orc
  3777 | D:4      | Reached XP level 7. HP: 53/62 MP: 6/6
  3853 | D:4      | Reached skill level 5 in Armour
  3927 | D:4      | Noticed Pikel
  3939 | D:4      | Killed Pikel
  3940 | D:4      | Reached skill level 5 in Dodging
  3940 | D:4      | Reached XP level 8. HP: 71/71 MP: 7/7
  4372 | D:5      | Entered Level 5 of the Dungeon
  4745 | D:5      | Found a glowing drain.
  4760 | Sewer    | Entered a sewer
  5390 | Sewer    | Reached **** piety under Trog
  5638 | D:5      | Reached skill level 5 in Shields
  5643 | D:5      | Found a sacrificial altar of Ru.
  6058 | D:5      | Reached XP level 9. HP: 62/79 MP: 8/8
  6389 | D:6      | Noticed Grinder
  6401 | D:6      | Killed Grinder
  6553 | D:6      | Found a blossoming altar of Fedhas.
  6575 | D:6      | Found a sparkling altar of Nemelex Xobeh.
  6704 | D:6      | Found an opulent altar of Gozag.
  6898 | D:6      | Identified the +1 leather armour "Loaleuni" {Fly Int-5
                  | Dex-3}
  6960 | D:6      | Found a glowing golden altar of the Shining One.
  6967 | D:6      | You fall into a shaft and drop 1 floor!
  7027 | D:7      | Found Wafir's General Store.
  7047 | D:7      | Bought a scroll of enchant armour for 97 gold pieces
  7047 | D:7      | Bought a scroll of magic mapping for 45 gold pieces
  7084 | D:7      | Found a staircase to the Ecumenical Temple.
  7248 | Temple   | Entered the Ecumenical Temple
  7390 | D:7      | Reached XP level 10. HP: 62/90 MP: 9/9
  7448 | D:7      | Noticed a cyclops
  7653 | D:7      | Killed a cyclops
  7746 | D:7      | Found an ancient bone altar of Kikubaaqudgha.
  8047 | D:7      | Found a runed translucent door.
  8048 | D:7      | Noticed Crazy Yiuf
  8095 | D:8      | Noticed a five-headed hydra
  8400 | D:8      | Found Forus's Book Boutique.
  8679 | D:8      | Reached ***** piety under Trog
  8680 | D:8      | Reached skill level 1 in Throwing
  8707 | D:8      | You fall into a shaft and drop 1 floor!
  8757 | D:9      | Found a shimmering altar of Xom.
  8757 | D:9      | Found a shimmering altar of Xom.
  8758 | D:9      | Found a shimmering altar of Xom.
  8854 | D:9      | Noticed Erica
  8902 | D:9      | Killed Erica
  9345 | D:8      | Found a basalt altar of Yredelemnul.
  9528 | D:8      | Found an ornate altar of the Wu Jian Council.
  9649 | D:9      | Slain by an eight-headed hydra

Vanquished Creatures
  Erica (D:9)
  Pikel (D:4)
  A cyclops (D:7)
  Grinder (D:6)
  5 yaks (D:7)
  A steam dragon (D:9)
  Edmund (D:4)
  A water moccasin (D:5)
  An orc warrior (D:7)
  2 sky beasts (D:7)
  2 ice beasts (D:8)
  A black bear (D:5)
  2 necrophages (D:7)
  4 ogres
  2 centaurs
  A lemure (D:4)
  2 phantoms
  4 kobold brigands
  Blork the orc (D:4)
  A bullfrog (D:7)
  4 scorpions
  3 gnoll sergeants
  A water moccasin zombie (D:5)
  A wyvern skeleton (D:7)
  A water moccasin skeleton (D:6)
  8 wights
  5 killer bees (D:7)
  3 centaur zombies
  2 bullfrog skeletons
  A bullfrog zombie (D:7)
  An orc priest (D:4)
  A jelly (D:6)
  2 gnoll shamans
  A centaur skeleton (D:6)
  Natasha (thrice) (D:3)
  2 orc wizards
  5 iguanas
  A howler monkey zombie (D:7)
  32 gnolls
  13 adders
  2 river rats (Sewer)
  A shadow imp (D:7)
  2 white imps
  An adder skeleton (D:4)
  5 worms
  A dart slug (D:1)
  23 orcs
  8 ball pythons
  11 endoplasms
  6 giant cockroaches
  7 goblins
  9 hobgoblins
  4 jackals (D:1)
  9 kobolds
  5 quokkas
  3 bats (D:1)
  3 frilled lizards
  9 rats
234 creatures vanquished.

Vanquished Creatures (others)
  A gnoll (D:9)
  A fungus (D:7)
2 creatures vanquished.

Grand Total: 236 creatures vanquished

Action                   |  1- 3 |  4- 6 |  7- 9 | 10-12 || total
-------------------------+-------+-------+-------+-------++-------
Melee: Falchion          |    68 |   144 |   394 |   214 ||   820
       Headbutt          |     9 |    25 |    91 |    52 ||   177
Throw: Dart              |       |       |       |     4 ||     4
Invok: Berserk           |       |     1 |     8 |     4 ||    13
       Trog's Hand       |       |       |     1 |     2 ||     3
Evoke: Wand              |       |       |       |     4 ||     4
  Use: Scroll            |     1 |       |     9 |     2 ||    12
       Potion            |       |       |       |     2 ||     2
 Stab: Paralysed         |       |       |       |     4 ||     4
Armor: Animal skin       |     5 |       |       |       ||     5
       Ring mail         |    13 |    19 |       |       ||    32
       Plate armour      |       |    58 |   197 |   165 ||   420
Dodge: Dodged            |    50 |    58 |   136 |    95 ||   339
Block: Buckler           |       |    11 |    76 |    59 ||   146
       Kite shield       |       |       |       |    42 ||    42
